 Dungeon Crawl Stone Soup version 0.22-a0-136-g83a10e5 (webtiles) character file.

51 Borgoz the Skirmisher (level 3, 0/33 HPs)
             Began as a Hill Orc Abyssal Knight on Feb 4, 2018.
             Was a Follower of Lugonu.
             Slain by a kobold
             ... wielding a +0 short sword
              (2 damage)
             ... on level 3 of the Dungeon.
             The game lasted 00:04:26 (2685 turns).

Borgoz the Skirmisher (Hill Orc Abyssal Knight)     Turns: 2685, Time: 00:04:26

Health: 0/33       AC:  3    Str: 14    XL:     3   Next: 81%
Magic:  5/5        EV: 11    Int: 12    God:    Lugonu [*.....]
Gold:   211        SH:  0    Dex: 11    Spells: 2/2 levels left

rFire    . . .     SeeInvis .   a - +1 hand axe
rCold    . . .     Gourm    .   (no shield)
rNeg     . . .     Faith    .   b - +0 leather armour
rPois    .         Spirit   .   (no helmet)
rElec    .         Reflect  .   (no cloak)
rCorr    .         Harm     .   (no gloves)
MR       .....                  (no boots)
Stlth    +.........             (no amulet)
HPRegen  0.11/turn              (no ring)
MPRegen  0.09/turn              (no ring)

@: no status effects
A: no striking features
a: Depart the Abyss, Renounce Religion


You were on level 3 of the Dungeon.
You worshipped Lugonu.
Lugonu was aware of your devotion.
You were near starving.

You visited 1 branch of the dungeon, and saw 3 of its levels.
You visited the Abyss 1 time.

You collected 211 gold pieces.

Inventory:

Hand Weapons
 a - a +1 hand axe (weapon)
Armour
 b - a +0 leather armour (worn)
Jewellery
 f - an uncursed ring of stealth {unknown}
Scrolls
 g - 4 scrolls of remove curse
 h - a scroll of amnesia {unknown}
 i - a scroll of random uselessness {unknown}
 j - a scroll of enchant weapon {unknown}
 l - a scroll of teleportation {unknown}
Potions
 e - a potion of cancellation
 k - a potion of lignification {unknown}
 n - a potion of degeneration {unknown}
Books
 d - a book of Maledictions

   Spells                             Type                      Level
   a - Corona                         Hexes                        1
   b - Ensorcelled Hibernation        Hexes/Ice                    2
   c - Confuse                        Hexes                        3
   d - Tukima's Dance                 Hexes                        3
   e - Dazzling Spray                 Conjuration/Hexes            3
Comestibles
 c - 5 rations


   Skills:
 + Level 4.0 Fighting
 + Level 3.3 Axes
 + Level 2.7 Armour
 + Level 1.3 Dodging
 + Level 3.2 Invocations


You had 2 spell levels left.
You didn't know any spells.

Dungeon Overview and Level Annotations

Branches:
Dungeon (3/15)

Altars:
Nemelex Xobeh

Annotations:
D:3 mhoghedin's ghost, amateur DrWz


Message History

The kobold is moderately wounded.
The kobold hits you but does no damage.
You barely miss the kobold.
The kobold is moderately wounded.
The kobold hits you with a short sword.
You barely miss the kobold.
The kobold is moderately wounded.
The kobold hits you with a short sword.
You closely miss the kobold. The kobold hits you but does no damage.
The kobold hits you with a short sword.
* * * LOW HITPOINT WARNING * * *
You hit the kobold but do no damage. The kobold hits you with a short sword.
* * * LOW HITPOINT WARNING * * *
You closely miss the kobold. The kobold hits you but does no damage.
You barely miss the kobold. The kobold hits you with a short sword.
* * * LOW HITPOINT WARNING * * *
You hit the kobold.
The kobold is severely wounded.
The kobold hits you with a short sword.
You die...

#### ...
..## ...
#. ..##...
#####.....
#...(..#
#@# #K#
... ...##
(...#
....^#
......#
#.....$#


You could see a kobold.

Vanquished Creatures
  3 worms (D:2)
  3 dart slugs
  A leopard gecko (D:2)
  2 ball pythons (D:2)
  6 giant cockroaches
  A goblin (D:2)
  4 hobgoblins
  A quokka (D:2)
  3 bats
  A frilled lizard (D:1)
  7 kobolds
  3 rats
35 creatures vanquished.

Notes
Turn   | Place    | Note
-------+----------+-------------------------------------------
     0 | Abyss:1  | Borgoz the Hill Orc Abyssal Knight began the quest for the Orb.
     0 | Abyss:1  | Reached XP level 1. HP: 19/19 MP: 2/2
    11 | Abyss:1  | Found a corrupted altar of Lugonu.
    50 | Abyss:1  | Found a hazy altar of Hepliaklqana.
    98 | Abyss:1  | Noticed a ynoxinul
   101 | Abyss:2  | Found a corrupted altar of Lugonu.
   115 | Abyss:2  | Noticed an ancient zyme
   140 | D:1      | Escaped the Abyss
   628 | D:1      | Reached skill level 1 in Dodging
   628 | D:1      | Reached XP level 2. HP: 27/27 MP: 3/3
   684 | D:1      | Reached * piety under Lugonu
  1530 | D:2      | Reached XP level 3. HP: 31/33 MP: 5/5
  1588 | D:2      | Reached skill level 4 in Fighting
  1965 | D:2      | Found a sparkling altar of Nemelex Xobeh.
  2443 | D:3      | Noticed mhoghedin's ghost (amateur DrWz)
  2685 | D:3      | Slain by a kobold

Vault maps used:
D:1:      minmay_arrival_five_plusses
D:2:      nemelex_xobeh_ov_fountains_minmay, first_ration
D:3:      gup_sewer_entry_spiral
Abyss:2:  evilmike_abyss_exit_2, minivault_25

Skill      XL: |  1  2  3 |
---------------+----------+-----
Dodging        | 1 |  1.3
Axes           | 3 |  3.3
Invocations    | 3 |  3.2
Fighting       | 4 |  4.0
Armour         | |  2.7

Action                   || total
-------------------------++-------
Melee: Hand axe          ||   148
Invok: Depart the Abyss  ||     1
  Use: Scroll            ||     3
  Eat: Chunk             ||     4
Armor: Leather armour    ||    47
Dodge: Dodged            ||    84

Table legend:
 A = Spawn XP
 B = Non-spawn XP
 C = Spawn XP percentage of total XP
 D = Spawn monster count
 E = Non-spawn monster count
 F = Spawn count percentage of total count
 G = Total turns spent on level
                    A         B        C        D         E        F      G
               +---------+---------+-------+---------+---------+-------+---------
         Total |       0 |      73 |   0.0 |       0 |      35 |   0.0 |  2685
               +---------+---------+-------+---------+---------+-------+---------
           D:1 |       0 |      22 |   0.0 |       0 |      14 |   0.0 |  1127
           D:2 |       0 |      49 |   0.0 |       0 |      20 |   0.0 |  1393
           D:3 |       0 |       2 |   0.0 |       0 |       1 |   0.0 |    25
               +---------+---------+-------+---------+---------+-------+---------
